 Dungeon Crawl Stone Soup version 0.32-a0-872-g59262bdc9b (webtiles) character file.

Game seed: 5358637041444490861

13986 senseless the Fighter (level 11, 0/101 HPs)
             Began as a White Draconian Shapeshifter on Mar 30, 2024.
             Was a High Priest of the Shining One.
             Slain by a dire elephant simulacrum (13 damage)
             ... in an ice cave.
             The game lasted 00:33:06 (10059 turns).

senseless the Fighter (DrSh)                       Turns: 10059, Time: 00:33:07

Health: 0/101      AC:  7    Str: 17    XL:     11   Next: 82%
Magic:  11/11      EV: 20    Int: 10    God:    the Shining One [*****.]
Gold:   158        SH:  6    Dex: 15    Spells: 10/10 levels left

rFire   . .          .
                       - Unarmed
rCold   + + .        (no shield)
rNeg    + + .        (body armour unavailable)
rPois   .            (helmet currently unavailable)
rElec   .            (cloak currently unavailable)
rCorr   .            h - melded +1 pair of gloves
SInv    .            (boots currently unavailable)
Will    .....        o - amulet of regeneration
Stlth   +            u - ring of protection from cold
HPRegen 1.16/turn    L - +5 ring of evasion
MPRegen 0.12/turn

%: no passive effects
@: divinely shielded, beast-form, glowing
A: beast (slay +4), glacial breath, AC +7, unfitting armour, cold resistance 1,
cold-blooded
a: Glacial Breath, Begin Untransformation, Renounce Religion, Divine Shield,
Cleansing Flame, Summon Divine Warrior


You were in an ice cave.
You worshipped the Shining One.
The Shining One was extremely pleased with you.
You were a hulking beast.
You visited 2 branches of the dungeon, and saw 13 of its levels.
You also visited: Sewer and Ice Cave.

You collected 615 gold pieces.
You spent 457 gold pieces at shops.

Inventory:

Hand Weapons
 E - a +4 trident of electrocution
Missiles
 g - 44 poisoned darts
 t - 6 darts of dispersal
 x - 3 javelins
 G - a throwing net
 R - 2 curare-tipped darts
Armour
 h - a +1 pair of gloves (melded)
 y - a scarf of harm
Jewellery
 o - an amulet of regeneration (around neck)
 r - a +4 ring of slaying
 u - a ring of protection from cold (left hand)
 K - a ring of wizardry
 L - a +5 ring of evasion (right hand)
 M - a +6 ring of strength
 P - a ring of resist corrosion
Talismans
 b - a beast talisman (active)
 c - a flux talisman
 I - a maw talisman
Wands
 m - a wand of flame (19) (quivered)
 p - a wand of light (9)
 z - a wand of charming (17)
 Q - a wand of warping (3)
Scrolls
 j - 8 scrolls of teleportation
 q - 2 scrolls of blinking
 v - 2 scrolls of revelation
 w - a scroll of poison
 B - a scroll of enchant weapon
 D - a scroll of fog
 H - a scroll of immolation
 J - 2 scrolls of enchant armour
Potions
 a - 4 potions of lignification
 d - 3 potions of resistance
 f - 3 potions of attraction
 i - 2 potions of enlightenment
 k - 2 potions of cancellation
 l - 3 potions of curing
 n - 2 potions of invisibility
 s - 2 potions of mutation
 A - a potion of brilliance
 F - a potion of magic
 N - a potion of haste
 O - a potion of might
Miscellaneous
 e - a Gell's gravitambourine (2/2)


   Skills:
 + Level 10.6 Fighting
 + Level 9.1 Dodging
 + Level 10.2 Unarmed Combat
 + Level 9.5 Shapeshifting


You had 10 spell levels left.
You didn't know any spells.
Your spell library contained the following spells:

 Spells                   Type           Power      Damage    Failure   Level
 Apportation              Tloc           0%         N/A       36%         1
 Magic Dart               Conj           0%         1d3       36%         1
 Blink                    Tloc           0%         N/A       50%         2
 Call Imp                 Summ           0%         N/A       50%         2
 Cigotuvi's Dreadful Rot  Necr/Alch/Air  0%         N/A       50%         2
 Ensorcelled Hibernation  Hex/Ice        0%         N/A       50%         2
 Jinxbite                 Hex            0%         N/A       50%         2
 Mercury Vapours          Alch/Air       0%         N/A       50%         2
 Mephitic Cloud           Conj/Alch/Air  0%         N/A       75%         3
 Passwall                 Erth           0%         N/A       75%         3
 Sigil of Binding         Hex            0%         N/A       75%         3
 Swiftness                Air            0%         N/A       75%         3
 Volatile Blastmotes      Fire/Tloc      0%         2d10      75%         3
 Cause Fear               Hex            0%         N/A       98%         4
 Flame Wave               Conj/Fire      0%         2d4       98%         4
 Ignite Poison            Fire/Alch      0%         N/A       98%         4
 Passage of Golubria      Tloc           0%         N/A       98%         4
 Vhi's Electric Charge    Tloc/Air       0%         N/A       98%         4
 Alistair's Intoxication  Alch           0%         N/A       100%        5
 Fireball                 Conj/Fire      0%         3d3       100%        5
 Freezing Cloud           Conj/Ice/Air   0%         6-21      100%        5
 Silence                  Hex/Air        0%         N/A       100%        5
 Yara's Violent Unravell  Hex/Alch       0%         3d3       100%        5
 Bombard                  Conj/Erth      0%         9d1       100%        6
 Death Channel            Necr           0%         N/A       100%        6
 Sculpt Simulacrum        Ice/Alch       0%         N/A       100%        6
 Enfeeble                 Hex            0%         N/A       100%        7
 Ignition                 Fire           0%         3d3       100%        8
 Lehudib's Crystal Spear  Conj/Erth      0%         10d2      100%        8
 Dragon's Call            Summ           0%         N/A       100%        9
 Animate Armour           Summ/Erth      Unusable   N/A       N/A         4

Dungeon Overview and Level Annotations

Branches:
Dungeon (12/15)            Temple (1/1) D:4            Lair (0/5) D:11
    Orc (0/2) D:10          Sewer (visited)           IceCv (1/1)

Altars:
Ashenzari
Cheibriados
Dithmenos
Elyvilon
Fedhas
Gozag
Hepliaklqana
Kikubaaqudgha
Makhleb
Nemelex Xobeh
Okawaru
Qazlal
Ru
Sif Muna
Trog
Uskayaw
Vehumet
Wu Jian
Xom
Yredelemnul
Zin
The Shining One

Shops:
D:4 (   D:7 *   D:8 *   D:9 :(*?*

Portals:
Trove: D:10 (give 5 scrolls of fear)


Innate Abilities, Weirdness & Mutations

You are a hulking beast.
Your limbs bulge with bestial killing power. (Slay +4)
You can breathe waves of cold which freeze foes solid.
Your icy white scales are hard. (AC +7)
You cannot fit into any form of body armour.
Your flesh is cold resistant. (rC+)
You are cold-blooded and may be slowed by cold attacks.


Message History

* * * LOW HITPOINT WARNING * * *
You feel much better.
The three-headed hydra simulacrum closely misses you.
The three-headed hydra simulacrum completely misses you.
The three-headed hydra simulacrum bites you.
* * * LOW HITPOINT WARNING * * *
The three-headed hydra simulacrum freezes you.
You resist.
* * * LOW HITPOINT WARNING * * *
A divine shield forms around you!
You feel yourself speed up.
The three-headed hydra simulacrum misses you. x2
The three-headed hydra simulacrum completely misses you.
You punch the three-headed hydra simulacrum!
The three-headed hydra simulacrum vaporises!
The Shining One accepts your kill.
You feel better.
You feel your power returning.
You hit the dire elephant simulacrum but do no damage.
You punch the dire elephant simulacrum, but do no damage.
You hit the dire elephant simulacrum.
The dire elephant simulacrum is lightly damaged.
The dire elephant simulacrum tramples you!
* * * LOW HITPOINT WARNING * * *
You stumble backwards!
You hit the dire elephant simulacrum but do no damage.
The dire elephant simulacrum is lightly damaged.
The dire elephant simulacrum closely misses you.
The dire elephant simulacrum misses you.
You punch the dire elephant simulacrum!
You tail-slap the dire elephant simulacrum, but do no damage.
The dire elephant simulacrum is moderately damaged.
You hit the dire elephant simulacrum but do no damage.
You tail-slap the dire elephant simulacrum, but do no damage.
The dire elephant simulacrum is moderately damaged.
You block the dire elephant simulacrum's attack.
The dire elephant simulacrum trunk-slaps you.
* * * LOW HITPOINT WARNING * * *
The dire elephant simulacrum freezes you!
You resist.
You die...

### ############# ####### ??..
##.....#[)[..## ##.....# .....
##......#?.....###......#
......#.......#.......#.......#
..............†Zh........∩..∩.#
......#.......#.......#.......#
..... ##......#......###......#
?$.. ##.....#.....## ##.....#
### ############# #######


You could see a dire elephant simulacrum.

Vanquished Creatures
  Snorg (D:11)
  Josephine (D:10)
  A two-headed ogre (D:12)
  Sonja (D:12)
  An ugly thing (IceCv)
  3 ice statues (IceCv)
  A komodo dragon (D:11)
  A freezing wraith (IceCv)
  A troll (D:10)
  A hornet (D:9)
  A shadow (D:10)
  13 yaks (D:8)
  A wyvern (D:9)
  5 wraiths
  7 vampire mosquitoes
  Grum (D:11)
  2 steam dragons
  A hydra simulacrum (IceCv)
  2 water moccasins
  3 orc warriors
  A black bear (D:8)
  An ice beast (D:6)
  2 ogres
  2 wolves (D:11)
  5 centaurs
  4 bullfrogs
  4 kobold brigands
  3 gnoll sergeants
  2 cane toad simulacra (IceCv)
  3 scorpions (D:6)
  7 wights (D:9)
  2 elephant simulacra (IceCv)
  5 killer bees (D:8)
  2 howler monkeys
  3 jellies
  2 bombardier beetles
  9 orc priests
  2 hounds (D:6)
  2 sleepcaps
  2 gnoll boudas (D:9)
  11 orc wizards
  Ijyb (D:3)
  8 iguanas
  2 polar bear simulacra (IceCv)
  30 gnolls
  25 adders
  A shadow imp (D:6)
  3 white imps
  2 ufetubi (D:6)
  9 dart slugs
  2 ribbon worms
  41 orcs
  14 endoplasms
  14 giant cockroaches
  10 goblins
  6 hobgoblins
  9 jackals
  33 kobolds
  4 quokkas
  21 ball pythons
  3 bats
  13 frilled lizards
  15 rats
388 creatures vanquished.

Notes
Turn   | Place    | Note
-------+----------+-------------------------------------------
     0 | D:1      | senseless the Draconian Shapeshifter began the quest for
                  | the Orb.
     0 | D:1      | Reached XP level 1. HP: 16/16 MP: 1/1
   127 | D:1      | Reached XP level 2. HP: 23/23 MP: 2/2
   154 | D:1      | Got the Octavo of the Gargoyle and Pyromania
   703 | D:2      | Identified the +2 robe of the Merchant {rCorr Dex+3
                  | Archmagi}
   718 | D:2      | Reached XP level 3. HP: 25/29 MP: 3/3
  1011 | D:2      | Identified the +5 chain mail of Heclusoh {rC+ Dex+4}
  1096 | D:2      | Identified the +6 hand axe "Fiebb" {drain, *Rage rN+
                  | Stlth+}
  1504 | D:3      | Reached XP level 4. HP: 30/37 MP: 4/4
  1753 | D:3      | Reached XP level 5. HP: 42/44 MP: 5/5
  2005 | D:3      | Noticed Ijyb
  2014 | D:3      | Killed Ijyb
  2226 | D:3      | Noticed a water moccasin
  2272 | D:3      | Killed a water moccasin
  2273 | D:3      | Reached XP level 6. HP: 48/51 MP: 6/6
  2531 | D:4      | Found an opulent altar of Gozag.
  2687 | D:4      | Found a staircase to the Ecumenical Temple.
  2767 | D:4      | Found Mes Lete's Weapon Boutique.
  3043 | Temple   | Entered the Ecumenical Temple
  3050 | Temple   | Became a worshipper of the Shining One
  3083 | D:5      | Entered Level 5 of the Dungeon
  3261 | D:5      | Your scales start taking on an icy white colour.
  3261 | D:5      | Reached XP level 7. HP: 59/59 MP: 7/7
  3261 | D:5      | Gained mutation: Your flesh is cold resistant. (rC+) [White
                  | Draconian growth]
  3263 | D:5      | Found a glowing drain.
  3278 | Sewer    | Entered a sewer
  3546 | Sewer    | Reached * piety under the Shining One
  3549 | Sewer    | Reached skill level 5 in Unarmed Combat
  3679 | D:5      | Reached skill level 5 in Shapeshifting
  3685 | D:5      | Reached skill level 5 in Fighting
  3905 | D:5      | Reached XP level 8. HP: 68/68 MP: 8/8
  4234 | D:6      | Noticed a moth of wrath
  4237 | D:6      | Found a bloodstained altar of Trog.
  4426 | D:6      | Reached skill level 5 in Dodging
  5217 | D:6      | Reached XP level 9. HP: 70/78 MP: 9/9
  5764 | D:7      | Found Roebawko's Assorted Antiques.
  5772 | D:7      | Bought a scroll labelled ZELEIM LUWOVEL for 28 gold pieces
  5772 | D:7      | Bought a yellow potion for 25 gold pieces
  5880 | D:7      | Reached ** piety under the Shining One
  6042 | D:8      | Found Xasoefef's General Store.
  6053 | D:8      | Bought a scroll of enchant weapon for 120 gold pieces
  6053 | D:8      | Bought 3 scrolls of identify for 96 gold pieces
  6053 | D:8      | Bought a potion of curing for 48 gold pieces
  6429 | D:8      | Reached XP level 10. HP: 86/88 MP: 10/10
  6948 | D:9      | Reached *** piety under the Shining One
  7098 | D:9      | Found an ancient bone altar of Kikubaaqudgha.
  7201 | D:9      | Paralysed by a hornet for 1 turns
  7365 | D:9      | Found Awnaimn's Assorted Antiques.
  7368 | D:9      | Found Faerph's General Store.
  7368 | D:9      | Found Buar's Magic Scroll Shop.
  7370 | D:9      | Found Siethrul's Weapon Shop.
  7397 | D:9      | Found Ytapriyq's Book Shoppe.
  8124 | D:9      | Bought a glowing coral ring for 140 gold pieces
  8148 | D:10     | Entered Level 10 of the Dungeon
  8148 | D:10     | Found a portal to a secret trove of treasure.
  8151 | D:10     | Found a staircase to the Orcish Mines.
  8169 | D:10     | Noticed Josephine
  8179 | D:10     | Killed Josephine
  8428 | D:9      | Reached XP level 11. HP: 83/96 MP: 11/11
  8430 | D:9      | Reached **** piety under the Shining One
  8503 | D:10     | Found an ornate altar of the Wu Jian Council.
  8503 | D:10     | Found a glowing silver altar of Zin.
  8505 | D:10     | Found a shimmering blue altar of Sif Muna.
  8521 | D:10     | Found a hide-covered altar of Uskayaw.
  8610 | D:10     | Found a shimmering altar of Xom.
  9053 | D:11     | Found a staircase to the Lair.
  9119 | D:11     | Noticed Grum
  9131 | D:11     | Killed Grum
  9197 | D:11     | Noticed Snorg
  9211 | D:11     | Killed Snorg
  9522 | D:11     | Reached skill level 10 in Fighting
  9782 | D:12     | Noticed a two-headed ogre
  9782 | D:12     | Found a frozen archway.
  9787 | D:12     | Killed a two-headed ogre
  9796 | D:12     | Noticed Sonja
  9799 | D:12     | Killed Sonja
  9825 | IceCv    | Entered an ice cave
  9841 | IceCv    | Reached ***** piety under the Shining One
  9855 | IceCv    | Noticed a white ugly thing
  9867 | IceCv    | Killed a white ugly thing
  9868 | IceCv    | Reached skill level 10 in Unarmed Combat
 10059 | IceCv    | Slain by a dire elephant simulacrum

Illustrated notes

Levels and vault maps discovered:
D:1:      minmay_arrival_doors, layout_loops_ring
D:2:      layout_basic
D:3:      layout_loops_ring, chequers_serial_rivers_micro_d, minmay_puff,
          uniq_ijyb
D:4:      layout_loops_ring, lemuel_round_altar,
          minmay_temple_entry_gardened_gates, nicolae_stop_n_shop_1,
          kennysheep_another_room, kennysheep_generic_room_2
D:5:      layout_basic, portal_sewer_entry_a, hex_medium, hex_large
D:6:      layout_basic, tgw_trog, minmay_joined_circles
D:7:      layout_loops_cross, serial_shops, shop, minmay_statues_item
D:8:      layout_basic, serial_shops, shop,
          nicolae_concentric_dashed_squares_mild,
          hangedman_abyss_or_decor_clamps
D:9:      layout_layer_cave, general_overflow_altar, serial_shops,
          nicolae_shop_statue_plus, nicolae_two_hexagons, kennysheep_doodads,
          minmay_shop_grid_forest
D:10:     layout_cave_pools, nicolae_overflow_quartered_altars,
          mainiacjoe_overflow_alcove_4, enter_trove_2, uniq_josephine
D:11:     layout_stronghold, lair_entry_dummy, uniq_grum, uniq_snorg
D:12:     layout_roguey, portal_ice_cave_entry_pillars_2, elyvilon_altar_5,
          uniq_sonja
Temple:   nicolae_temple_ecumenical_triangle
IceCv:    ice_cave_statue_garden_chambered

Skill      XL: |  1  2  3  4  5  6  7  8  9 10 11 |
---------------+----------------------------------+-----
Dodging        | 2 3 4 5 6 8 9 |  9.1
Fighting       | 2 3 4 5 6 7 9 10 | 10.6
Unarmed Combat | 4 5 6 7 9 10 | 10.2
Shapeshifting  | 4 5 6 7 8 9 |  9.5

Action                     |  1- 3 |  4- 6 |  7- 9 | 10-12 || total
---------------------------+-------+-------+-------+-------++-------
  Melee: Unarmed           |    89 |    56 |   413 |   393 ||   951
         Tailslap          |    10 |    14 |    72 |    81 ||   177
         Punch             |     1 |       |    12 |    30 ||    43
         Hand axe          |    19 |    83 |       |       ||   102
 Invoke: Divine Shield     |       |       |       |     1 ||     1
Ability: Glacial Breath    |       |       |       |     5 ||     5
  Evoke: Wand              |       |     3 |     1 |     3 ||     7
    Use: Scroll            |     4 |     1 |    13 |     5 ||    23
         Potion            |       |     1 |       |     1 ||     2
   Stab: Sleeping          |       |     7 |       |       ||     7
 Armour: Skin              |    49 |   113 |   241 |   280 ||   683
  Dodge: Dodged            |    58 |    72 |   286 |   497 ||   913
  Block: Other             |       |       |       |     1 ||     1
         Form:             |       |     1 |       |       ||     1
         Beast             |       |     1 |       |       ||     1

Table legend: (Time is in decaauts)
 A = Elapsed time spent in this place.
 B = Non-inter-level travel time spent in this place.
 C = Inter-level travel time spent in this place.
 D = Time resting spent in this place.
 E = Time spent auto-exploring this place.
 F = Levels seen in this place.
 G = Mean time per level.
                   A        B        C        D        E       F      G
               +--------+--------+--------+--------+--------+-----+--------+
         Total |  10186 |   9768 |    418 |    498 |   6990 |  15 |  679.1 |
       Dungeon |   9580 |   9174 |    406 |    430 |   6850 |  12 |  798.3 |
        Temple |     15 |      3 |     12 |      0 |      0 |   1 |   15.0 |
         Sewer |    372 |    372 |      0 |      0 |    128 |   1 |  372.0 |
      Ice Cave |    217 |    217 |      0 |     68 |     12 |   1 |  217.0 |
               +--------+--------+--------+--------+--------+-----+--------+

Top non-repeatable levels by time:
     D:9: 1521 daAuts
     D:6: 1193 daAuts
     D:3: 977 daAuts
     D:8: 852 daAuts
     D:2: 825 daAuts
    D:11: 817 daAuts
     D:5: 720 daAuts
     D:4: 716 daAuts
     D:7: 680 daAuts
     D:1: 671 daAuts
    D:10: 564 daAuts
   Sewer: 372 daAuts
   IceCv: 217 daAuts
    D:12: 39 daAuts
  Temple: 15 daAuts
